 Dungeon Crawl Stone Soup version 0.18-a0-1197-g8004e50 (webtiles) character file.

7343 Foomius the Thaumaturge (level 11, -9/74 HPs)
             Began as an Octopode Wizard on Jan 30, 2016.
             Was an Elder of Vehumet.
             Mangled by Maud (20 damage)
             ... on level 10 of the Dungeon.
             The game lasted 01:20:19 (14808 turns).

Foomius the Thaumaturge (Octopode Wizard)          Turns: 14808, Time: 01:20:19

Health: -9/74      AC:  7    Str:  7    XL:     11   Next: 13%
Magic:  2/23       EV: 14    Int: 24    God:    Vehumet [****..]
Gold:   494        SH:  0    Dex: 10    Spells: 9 memorised, 7 levels left

rFire  . . .     SeeInvis .     a - +1 flail (protect)
rCold  . . .     Gourm    .     (no shield)
rNeg   . . .     Faith    .     i - +1 hat
rPois  .         Spirit   .     (no amulet)
rElec  .         Dismiss  .     (no ring)
rCorr  .         Reflect  .     (no ring)
SustAt .         Harm     .     (no ring)
MR     .....                    (no ring)
Stlth  ++++......               (no ring)
                                (no ring)
                                (no ring)
                                (no ring)

@: marked, repel missiles, not resistant to hostile enchantments, stealthy
A: almost no armour, amphibious, 8 rings, constrict 8, camouflage 1, gelatinous
body 1
a: Renounce Religion


You were on level 10 of the Dungeon.
You worshipped Vehumet.
Vehumet was greatly pleased with you.
You were not hungry.

You visited 2 branches of the dungeon, and saw 11 of its levels.

You collected 494 gold pieces.

Inventory:

Hand Weapons
 a - a +1 flail of protection (weapon)
 b - a +2 dagger of venom
 p - a +0 morningstar of protection
 r - the +2 halberd of Adijas {chop, MP-9 Str+2 Int+3 Stlth+}
   (You took it off a big kobold on level 8 of the Dungeon)

   It inflicts extra damage upon your enemies.
   It affects your strength (+2).
   It affects your intelligence (+3).
   It affects your magic capacity (-9).
   It makes you more stealthy.
 E - a +0 dagger of protection
Missiles
 f - 56 stones (quivered)
 y - 51 poisoned needles
Armour
 i - a +1 hat (worn)
 F - a +0 large shield
 H - a +0 shield
Magical Staves
 P - an uncursed staff of wizardry
Wands
 J - a wand of lightning (6/15)
 M - a wand of polymorph (12/24)
 N - a wand of hasting (2/9)
 Q - a wand of slowing (31/48)
 T - a wand of confusion (21/48)
Scrolls
 d - 2 scrolls of immolation
 j - 2 scrolls of enchant weapon {unknown}
 m - 4 scrolls of identify
 s - 6 scrolls of magic mapping {unknown}
 u - 3 scrolls of amnesia {unknown}
 w - a scroll of noise {unknown}
 x - 2 scrolls of blinking {unknown}
 z - 2 scrolls of fog {unknown}
 B - a scroll of teleportation {unknown}
 G - 2 scrolls of recharging {unknown}
 L - a scroll of holy word {unknown}
 S - a scroll of brand weapon {unknown}
Potions
 e - a potion of haste {unknown}
 g - 2 potions of brilliance
 h - 2 potions of cure mutation
 k - a potion of invisibility {unknown}
 l - 4 potions of lignification {unknown}
 n - 5 potions of poison
 o - 2 potions of flight {unknown}
 t - a potion of curing
 D - 3 potions of heal wounds
 O - a potion of agility {unknown}
Books
 v - a book of Minor Magic

   Spells                             Type                      Level
   a - Magic Dart                     Conjuration                  1
   b - Blink                          Translocation                2
   c - Call Imp                       Summoning                    2
   d - Repel Missiles                 Charms/Air                   2
   e - Slow                           Hexes                        2
   f - Conjure Flame                  Conjuration/Fire             3
   g - Mephitic Cloud                 Conjuration/Poison/Air       3
 A - a book of Party Tricks

   Spells                             Type                      Level
   a - Summon Butterflies             Summoning                    1
   b - Apportation                    Translocation                1
   c - Tukima's Dance                 Hexes                        3
   d - Alistair's Intoxication        Transmutation/Poison         5
   e - Invisibility                   Hexes                        6
 C - a book of Cantrips

   Spells                             Type                      Level
   a - Corona                         Hexes                        1
   b - Animate Skeleton               Necromancy                   1
   c - Summon Small Mammal            Summoning                    1
   d - Apportation                    Translocation                1
 I - a book of Hinderance

   Spells                             Type                      Level
   a - Confusing Touch                Hexes                        2
   b - Confuse                        Hexes                        3
   c - Gell's Gravitas                Hexes/Translocation          3
   d - Petrify                        Transmutation/Earth          4
   e - Metabolic Englaciation         Hexes/Ice                    5
   f - Yara's Violent Unravelling     Hexes/Transmutation          5
Comestibles
 c - 8 bread rations
 q - a meat ration
 R - 2 chunks of flesh


   Skills:
 + Level 6.7 Fighting
 - Level 6.3 Maces & Flails
 - Level 6.6 Dodging
 - Level 5.0 Stealth
 + Level 8.9 Spellcasting
 - Level 7.1 Conjurations
 - Level 3.6 Hexes
 - Level 1.0 Summonings
 - Level 1.0 Translocations


You had 7 spell levels left.
You knew the following spells:

 Your Spells              Type           Power        Failure   Level  Hunger
a - Magic Dart            Conj           ####         1%          1    None
b - Blink                 Tloc           N/A          8%          2    None
c - Call Imp              Summ           ###.....     8%          2    None
d - Repel Missiles        Chrm/Air       ##....       12%         2    None
f - Conjure Flame         Conj/Fire      ####....     1%          3    None
i - Ignite Poison         Fire/Trmt/Pois ##......     5%          3    None
m - Mephitic Cloud        Conj/Pois/Air  ###.....     2%          3    None
t - Tukima's Dance        Hex            ####....     4%          3    None
u - Summon Butterflies    Summ           ###.....     4%          1    None


Dungeon Overview and Level Annotations

Branches:
Dungeon (10/15)            Temple (1/1) D:4
   Lair: D:8-11         Orc: D:9-12

Altars:
Ashenzari
Cheibriados
Dithmenos
Elyvilon
Fedhas
Gozag
Kikubaaqudgha
Makhleb
Nemelex Xobeh
Okawaru
Pakellas
Ru
Sif Muna
Trog
Vehumet
Xom
Yredelemnul
Zin
The Shining One

Annotations:
D:6 1 runed door
D:8 hidden dragon in middle diamond!
D:10 Maud, Urug


Innate Abilities, Weirdness & Mutations

You cannot wear most types of armour.
You are amphibious.
You can wear up to eight rings at the same time.
You can use your tentacles to constrict eight enemies at once.
Your skin changes colour to match your surroundings (Stealth).
Your rubbery body absorbs attacks (AC +1).


Message History

Maud seems less confused.
Your demon trident hits Maud from afar!
Throwing (i - inventory. (,) - cycle):
K - a javelin (quivered)
Press: ? - help, Shift-Dir - straight line, f/p - Maud
Aim: Maud, wearing a plate armour (severely wounded)
You throw a javelin. The javelin hits Maud.
Maud is severely wounded.
Casting: Magic Dart
Confirm with . or Enter, or press ? or * to list all spells.
You swap places.
Maud completely misses your butterfly.
The alarm trap emits a blaring wail!
A sentinel's mark forms upon you.
Casting: Summon Butterflies
Confirm with . or Enter, or press ? or * to list all spells.
You swap places.
Maud hits your butterfly!!
Your butterfly dies!
Your demon trident hits Maud from afar!
You swap places.
Your butterfly disappears in a puff of smoke!
Maud hits you!!
You die...

#......# #....
#......# #....
#......# #....
#......# ....
#....b.#######
..######
#....b.......#
#.....#
#............#
#.....#
#.....(.@....#
#.....#
#.....b[.@...#
#).§.§#
#....b..b....#
#.....#
#..b..b......#
#§#####
#............#
#......
#............#
##.....
#.(..........#
#......
#(.(.........#
##'####
#.(.<........#
##...##
#............#
#.....#


You could see Maud and a friendly demon trident.

Vanquished Creatures
  Erolcha (D:10)
  A hydra (D:8)
  A hill giant (D:10)
  A two-headed ogre (D:8)
  Grinder (D:6)
  A hippogriff (D:7)
  2 yaks (D:8)
  Menkaure (D:7)
  3 black bears
  A sky beast (D:7)
  3 orc warriors
  An ice beast (D:7)
  2 ogres
  A centaur (D:5)
  3 big kobolds (D:8)
  A giant frog (D:8)
  A gnoll sergeant (D:6)
  A scorpion (D:9)
  10 killer bees
  3 wights (D:9)
  The ghost of M4edhros the Charlatan, a weakling OpAr (D:3)
  2 centaur zombies (D:6)
  4 giant frog zombies
  8 crimson imps
  A quasit (D:7)
  13 jellies
  8 orc priests
  8 hounds
  10 orc wizards
  A giant frog skeleton (D:9)
  4 iguanas
  8 worker ants
  2 killer bee zombies
  2 sheep (D:8)
  A hound zombie (D:6)
  2 hound skeletons
  A worker ant zombie (D:6)
  8 gnolls
  6 adders
  2 shadow imps
  An ooze (D:3)
  6 giant geckos
  22 orcs
  4 bats (D:1)
  6 giant cockroaches
  9 goblins
  10 hobgoblins
  6 jackals
  7 kobolds
  6 quokkas
  A ball python (D:3)
  2 giant cockroach zombies (D:6)
  A giant gecko skeleton (D:6)
  A giant gecko zombie (D:7)
  7 giant newts
  A jackal skeleton (D:5)
  A quokka skeleton (D:9)
  3 rats
225 creatures vanquished.

Vanquished Creatures (collateral kills)
  The ghost of krabocopter the Ruffian, an amateur DrTm (D:4)
  A hippogriff (D:9)
  An orc warrior (D:9)
  A sky beast (D:10)
  An ice beast (D:4)
  A centaur (D:5)
  2 wights
  A giant frog zombie (D:10)
  A centaur skeleton (D:6)
  An orc priest (D:5)
  An iguana (D:9)
  An adder (D:5)
  2 gnolls (D:6)
  A shadow imp (D:8)
  2 adder zombies (D:6)
  5 orcs
  2 jackals (D:3)
  A kobold (D:1)
26 creatures vanquished.

Vanquished Creatures (others)
  An orc (D:8)
  2 plants (D:8)
  4 toadstools (D:1)
7 creatures vanquished.

Grand Total: 258 creatures vanquished

Notes
Turn   | Place    | Note
--------------------------------------------------------------
     0 | D:1      | Foomius the Octopode Wizard began the quest for the Orb.
     0 | D:1      | Reached XP level 1. HP: 11/11 MP: 4/4
   342 | D:1      | Reached XP level 2. HP: 17/17 MP: 3/6
   594 | D:1      | Learned a level 2 spell: Blink
   597 | D:1      | Learned a level 2 spell: Call Imp
   600 | D:1      | Learned a level 2 spell: Repel Missiles
  1094 | D:1      | Reached XP level 3. HP: 21/21 MP: 3/7
  2008 | D:3      | Reached XP level 4. HP: 27/27 MP: 8/8
  2022 | D:3      | Found a glowing golden altar of the Shining One.
  2035 | D:3      | Noticed M4edhros's ghost (weakling OpAr)
  2078 | D:3      | Killed M4edhros's ghost
  2078 | D:3      | Reached skill level 4 in Conjurations
  2469 | D:3      | Found a shadowy altar of Dithmenos.
  2523 | D:3      | Found a white marble altar of Elyvilon.
  2644 | D:3      | Reached XP level 5. HP: 31/31 MP: 6/10
  3204 | D:4      | Noticed an ice beast
  3239 | D:4      | Noticed krabocopter's ghost (amateur DrTm)
  3601 | D:4      | Killed an ice beast
  3601 | D:4      | Reached skill level 5 in Conjurations
  3601 | D:4      | Reached XP level 6. HP: 19/36 MP: 6/11
  3606 | D:4      | Learned a level 3 spell: Mephitic Cloud
  3667 | D:4      | Killed krabocopter's ghost
  3672 | D:4      | Learned a level 3 spell: Conjure Flame
  3864 | D:4      | Found a staircase to the Ecumenical Temple.
  3895 | Temple   | Entered the Ecumenical Temple
  3915 | Temple   | Became a worshipper of Vehumet
  3945 | D:4      | Reached skill level 1 in Fighting
  4190 | D:4      | You fall through a shaft!
  4190 | D:5      | Entered Level 5 of the Dungeon
  4204 | D:5      | Reached XP level 7. HP: 45/45 MP: 8/13
  4865 | D:5      | Reached skill level 5 in Fighting
  4893 | D:5      | Reached * piety under Vehumet
  4893 | D:5      | Offered knowledge of Flame Tongue by Vehumet.
  5241 | D:5      | Found a sparkling altar of Nemelex Xobeh.
  5357 | D:6      | Reached XP level 8. HP: 56/56 MP: 10/14
  5495 | D:5      | Reached skill level 6 in Fighting
  5693 | D:6      | Found a glowing silver altar of Zin.
  5696 | D:6      | Found a runed door.
  5696 | D:6      | Noticed an angel
  5745 | D:6      | Noticed Grinder
  5957 | D:6      | Reached skill level 1 in Maces & Flails
  6487 | D:6      | Found a basalt altar of Yredelemnul.
  6871 | D:6      | Killed Grinder
  6871 | D:6      | Reached skill level 5 in Dodging
  6871 | D:6      | Reached skill level 5 in Spellcasting
  6871 | D:6      | Reached XP level 9. HP: 54/63 MP: 3/16
  6934 | D:6      | Found an oddly glowing altar of Pakellas.
  7704 | D:7      | Found a sparkling altar of Nemelex Xobeh.
  8044 | D:7      | Offered knowledge of Throw Frost by Vehumet.
  8057 | D:7      | Noticed Menkaure
  8070 | D:7      | Reached ** piety under Vehumet
  8159 | D:6      | Found a burning altar of Makhleb.
  8237 | D:7      | Found a bloodstained altar of Trog.
  9052 | D:7      | Killed Menkaure
  9404 | D:7      | Found a shattered altar of Ashenzari.
  9836 | D:8      | Noticed a two-headed ogre
  9848 | D:8      | Killed a two-headed ogre
 10116 | D:8      | Found a shimmering altar of Xom.
 10171 | D:8      | Offered knowledge of Inner Flame by Vehumet.
 10185 | D:8      | Reached skill level 7 in Conjurations
 10287 | D:8      | Reached XP level 10. HP: 35/69 MP: 4/20
 10611 | D:8      | Reached *** piety under Vehumet
 10709 | D:8      | Noticed a fire dragon
 11801 | D:8      | Found a burning altar of Makhleb.
 11868 | D:8      | Noticed a two-headed hydra
 11887 | D:8      | Killed a two-headed hydra
 11887 | D:8      | Reached skill level 5 in Maces & Flails
 12023 | D:8      | Offered knowledge of Ignite Poison by Vehumet.
 12032 | D:8      | Got a jewelled halberd {chop}
 12033 | D:8      | Identified the +2 halberd of Adijas {chop, MP-9 Str+2 Int+3 Stlth+} (You took it off a big kobold on level 8 of the Dungeon)
 12206 | D:9      | Found an opulent altar of Gozag.
 12251 | D:9      | Reached skill level 8 in Spellcasting
 12261 | D:9      | Learned a level 3 spell: Ignite Poison
 12671 | D:9      | Learned a level 1 spell: Summon Butterflies
 12683 | D:9      | Learned a level 3 spell: Tukima's Dance
 12966 | D:9      | Reached skill level 1 in Hexes
 13524 | D:10     | Entered Level 10 of the Dungeon
 13550 | D:10     | Noticed Urug
 14041 | D:10     | Noticed a hill giant
 14457 | D:10     | Noticed Erolcha
 14463 | D:10     | Killed Erolcha
 14463 | D:10     | Reached XP level 11. HP: 74/74 MP: 14/23
 14567 | D:10     | Killed a hill giant
 14567 | D:10     | Reached skill level 5 in Stealth
 14634 | D:10     | Noticed Maud
 14785 | D:10     | Reached **** piety under Vehumet
 14808 | D:10     | Mangled by Maud

Vault maps used:
D:1:      ldierk_water_garden, st_stairs_10, hangedman_decor_lopped,
          minmay_stone_trees_small
D:2:      first_bread
D:3:      old_standard_altar, nicolae_overflow_crystal_walls,
          lemuel_crystal_altar, kennysheep_cluttered_room
D:4:      nicolae_qazlal_general_emergency, temple_doors_e
D:5:      nemelex_diamond_rough_becter
D:6:      lemuel_upstairs_altar, lemuel_round_altar, kennysheep_mini_moat,
          serial_undead, serial_undead_a, serial_undead_d, serial_undead_b,
          serial_undead_f, lemuel_angel_altar, uniq_grinder
D:7:      lemuel_doored_altar, old_standard_altar, trog_ov_bears_minmay,
          uniq_menkaure
D:8:      minmay_diamond_stairs, grunt_temple_overflow_champion_of_chaos,
          hangedman_ranch, lemuel_jelly_drop
D:9:      nicolae_gozag_seed_capital
D:10:     uniq_josephine, uniq_maud, uniq_urug, uniq_erolcha
Temple:   minmay_temple_bridge_b_8

Action                   |  1- 3 |  4- 6 |  7- 9 | 10-12 || total
-------------------------+-------+-------+-------+-------++-------
Melee: Unarmed           |    23 |       |       |       ||    23
       Dagger            |     1 |    36 |    56 |       ||    93
       Morningstar       |       |       |    45 |       ||    45
       Flail             |       |       |    35 |   100 ||   135
Throw: Stone             |       |     1 |    10 |       ||    11
       Javelin           |       |     4 |    18 |    18 ||    40
 Cast: Magic Dart        |    72 |    91 |   280 |   203 ||   646
       Call Imp          |     1 |    10 |    44 |    20 ||    75
       Repel Missiles    |     1 |       |       |     1 ||     2
       Mephitic Cloud    |       |       |    32 |    40 ||    72
       Conjure Flame     |       |       |    20 |    11 ||    31
       Blink             |       |       |     7 |    11 ||    18
       Tukima's Dance    |       |       |       |    11 ||    11
       Ignite Poison     |       |       |       |     8 ||     8
       Summon Butterflie |       |       |       |     7 ||     7
  Use: Scroll            |       |       |     6 |     3 ||     9
       Potion            |       |       |       |     1 ||     1
 Stab: Sleeping          |     1 |       |     1 |       ||     2
       Confused          |       |       |     7 |     3 ||    10
       Distracted        |       |       |     3 |       ||     3
  Eat: Chunk             |     3 |     7 |    14 |     6 ||    30
       Pizza             |       |       |     2 |       ||     2
       Meat ration       |       |       |     1 |       ||     1
       Bread ration      |       |       |       |     1 ||     1
       Royal jelly       |       |       |       |     1 ||     1
       Beef jerky        |       |       |       |     1 ||     1
